 Dungeon Crawl Stone Soup version 0.23-a0-274-g77505739ee (webtiles) character file.

133898 Rrauwl the Severer (level 17, -4/140 HPs)
             Began as a Formicid Abyssal Knight on Oct 2, 2018.
             Was the Champion of Lugonu.
             Killed from afar by a thorn hunter (27 damage)
             ... with a volley of thorns
             ... on level 3 of the Swamp.
             The game lasted 01:45:14 (29354 turns).

Rrauwl the Severer (Formicid Abyssal Knight)       Turns: 29354, Time: 01:45:15

Health: -4/140     AC: 21    Str: 23    XL:     17   Next: 73%
Magic:  24/24      EV: 10    Int: 15    God:    Lugonu [******]
Gold:   2180       SH: 23    Dex: 12    Spells: 16/16 levels left

rFire    . . .     SeeInvis +   a - +9 battleaxe (chop)
rCold    + + +     Gourm    .   Q - +0 large shield {rC+}
rNeg     + . .     Faith    .   j - +4 chain mail {rC+}
rPois    +         Spirit   .   (helmet unavailable)
rElec    .         Reflect  +   T - +1 cloak
rCorr    .         Harm     .   D - +0 pair of gloves
MR       ++...                  (no boots)
Stlth    ..........             v - +3 amulet of reflection
HPRegen  0.33/turn              F - ring "Fuuthine" {rC+ MR+ Int+2}
MPRegen  0.19/turn              I - ring "Kahueceu" {rPois rN+ SInv}

@: very slow
A: permanent stasis, dig shafts and tunnels, four strong arms, antennae 3, claws
1, yellow scales 1, agile 1, blurry vision 1, robust 1, MP-powered wands
a: Dig, Shaft Self, Depart the Abyss, Bend Space, Banish, Corrupt, Enter the
Abyss, Brand Weapon With Distortion, Renounce Religion


You were on level 3 of the Swamp.
You worshipped Lugonu.
Lugonu was exalted by your worship.
You were not hungry.

You visited 5 branches of the dungeon, and saw 27 of its levels.
You visited the Abyss 1 time.

You collected 2780 gold pieces.
You spent 600 gold pieces at shops.

Inventory:

Hand Weapons
 a - a +9 battleaxe of chopping (weapon)
 b - a +3 arbalest of velocity
 c - a +9 battleaxe of flaming
Missiles
 f - 209 bolts
Armour
 j - a +4 chain mail of cold resistance (worn)
 D - a +0 pair of gloves (worn)
 Q - a +0 large shield of cold resistance (worn)
 T - a +1 cloak (worn)
Jewellery
 m - an uncursed ring of resist corrosion
 n - an uncursed ring of positive energy
 u - an uncursed amulet of the acrobat
 v - a +3 amulet of reflection (around neck)
 C - the ring "Nuin" {rElec rF+ MR- Str+3}
   (You found it on level 2 of the Swamp)

   [ring of protection from fire]

   It affects your strength (+3).
   It protects you from fire.
   It insulates you from electricity.
   It affects your resistance to hostile enchantments.
 F - the ring "Fuuthine" (left hand) {rC+ MR+ Int+2}
   (You found it on level 6 of the Lair of Beasts)

   [ring of protection from cold]

   It affects your intelligence (+2).
   It protects you from cold.
   It affects your resistance to hostile enchantments.
 I - the ring "Kahueceu" (right hand) {rPois rN+ SInv}
   (You found it on level 2 of the Swamp)

   [ring of positive energy]

   It protects you from poison.
   It protects you from negative energy.
   It lets you see invisible.
Wands
 d - a wand of enslavement (23)
 g - a wand of acid (13)
 q - a wand of polymorph (9)
 s - a wand of iceblast (17)
 y - a wand of paralysis (38)
 E - a wand of clouds (5)
 H - a wand of scattershot (7)
 O - a wand of disintegration (32)
Scrolls
 h - 4 scrolls of fear
 i - 14 scrolls of identify
 o - a scroll of enchant armour
 w - 5 scrolls of magic mapping
 z - 2 scrolls of fog
 B - 5 scrolls of remove curse
 R - a scroll of summoning
Potions
 l - a potion of ambrosia
 p - 4 potions of curing
 r - 3 potions of brilliance
 x - a potion of agility
 A - 6 potions of flight
 G - 3 potions of might
 M - a potion of cancellation
Miscellaneous
 N - a phantom mirror
 P - a lightning rod (4/4)
Comestibles
 e - 33 rations
 k - 3 chunks of flesh


   Skills:
 - Level 10.0 Fighting
 - Level 20.0 Axes
 + Level 6.7 Crossbows
 - Level 10.0 Armour
 - Level 5.0 Dodging
 - Level 15.0 Shields
 - Level 10.0 Invocations
 - Level 5.0 Evocations


You had 16 spell levels left.
You didn't know any spells.
Your spell library contained the following spells:

 Spells                   Type           Power        Failure   Level  Hunger
 Animate Skeleton         Necr           N/A          83%         1    ##.....
 Apportation              Tloc           #.....       83%         1    ##.....
 Confusing Touch          Hex            #.....       83%         1    ##.....
 Corona                   Hex            #......      83%         1    ##.....
 Flame Tongue             Conj/Fire      #....        83%         1    ##.....
 Infusion                 Chrm           #...         83%         1    ##.....
 Shock                    Conj/Air       #...         83%         1    ##.....
 Sting                    Conj/Pois      #...         83%         1    ##.....
 Summon Small Mammal      Summ           #...         83%         1    ##.....
 Corpse Rot               Necr           N/A          93%         2    ###....
 Ensorcelled Hibernation  Hex/Ice        #.....       93%         2    ###....
 Poisonous Vapours        Pois/Air       #.....       93%         2    ###....
 Shroud of Golubria       Chrm/Tloc      #.........   93%         2    ###....
 Song of Slaying          Chrm           #.......     93%         2    ###....
 Sublimation of Blood     Necr           #.........   93%         2    ###....
 Swiftness                Chrm/Air       #.......     93%         2    ###....
 Throw Flame              Conj/Fire      #.....       93%         2    ###....
 Confuse                  Hex            #.......     99%         3    ####...
 Conjure Flame            Conj/Fire      #.......     99%         3    ####...
 Dazzling Spray           Conj/Hex       #.....       99%         3    ####...
 Gell's Gravitas          Tloc           #.........   99%         3    ####...
 Inner Flame              Hex/Fire       #.......     99%         3    ####...
 Mephitic Cloud           Conj/Pois/Air  #.......     99%         3    ####...
 Regeneration             Chrm/Necr      #.........   99%         3    ####...
 Spectral Weapon          Hex/Chrm       #.......     99%         3    ####...
 Static Discharge         Conj/Air       #.......     99%         3    ####...
 Tukima's Dance           Hex            #.......     99%         3    ####...
 Airstrike                Air            #.........   100%        4    #####..
 Cause Fear               Hex            #.........   100%        4    #####..
 Olgreb's Toxic Radiance  Pois           #.......     100%        4    #####..
 Petrify                  Tmut/Erth      #.......     100%        4    #####..
 Sticky Flame             Conj/Fire      #.......     100%        4    #####..
 Agony                    Necr           #.......     100%        5    ######.
 Bolt of Draining         Conj/Necr      #.........   100%        5    ######.
 Dispel Undead            Necr           #.......     100%        5    ######.
 Excruciating Wounds      Chrm/Necr      #.........   100%        5    ######.
 Fireball                 Conj/Fire      #.........   100%        5    ######.
 Lightning Bolt           Conj/Air       #.........   100%        5    ######.
 Metabolic Englaciation   Hex/Ice        #.........   100%        5    ######.
 Silence                  Hex/Air        #.........   100%        5    ######.
 Venom Bolt               Conj/Pois      #.........   100%        5    ######.
 Yara's Violent Unravell  Hex/Tmut       #.........   100%        5    ######.
 Deflect Missiles         Chrm/Air       #.........   100%        6    #######
 Discord                  Hex            #.........   100%        8    #######


Dungeon Overview and Level Annotations

Branches:
Dungeon (15/15)            Temple (1/1) D:4            Lair (6/6) D:11
  Swamp (3/4) Lair:2       Spider (0/4) Lair:2        Slime (0/5) Lair:6
    Orc (2/2) D:11            Elf (0/3) Orc:2        Vaults (0/5) D:14
 Depths (0/5) D:15

Altars:
Ashenzari
Cheibriados
Dithmenos
Elyvilon
Fedhas
Gozag
Hepliaklqana
Kikubaaqudgha
Makhleb
Nemelex Xobeh
Okawaru
Qazlal
Ru
Sif Muna
Trog
Uskayaw
Vehumet
Wu Jian
Xom
Yredelemnul
Zin
The Shining One
Beogh
Jiyva

Shops:
D:15 ?   Orc:2 ?*[*

Portals:
Trove: D:11 (give +3 shadow dragon scales)

Annotations:
D:5 3 runed doors, feta's ghost, novice TrMo


Innate Abilities, Weirdness & Mutations

You cannot be hasted, slowed, berserked, paralysed or teleported.
You can dig through walls and to a lower floor.
Your four strong arms can wield two-handed weapons with a shield.
You have a pair of large antennae on your head. (SInv)
You have sharp fingernails.
You are partially covered in yellow scales. (AC +2)
You are agile. (Dex +2)
Scrolls take you a little longer to read.
You are robust. (+10% HP)
You expend magic power (3 MP) to strengthen your wands.


Message History

The volley of thorns hits you!
* * * LOW HITPOINT WARNING * * *
The swamp worm throws harpoon shot at you.
The harpoon shot hits you!
You feel much better.
The thorn hunter fires a volley of thorns at you.
The volley of thorns hits you!
* * * LOW HITPOINT WARNING * * *
Unknown command.
Unknown command.
Okay, then.
You feel better.
The thorn hunter fires a volley of thorns at you.
The volley of thorns hits you!
* * * LOW HITPOINT WARNING * * *
The swamp worm throws harpoon shot at you.
The harpoon shot hits you!
The thorn hunter fires a volley of thorns at you.
The volley of thorns hits you!
You die...

....≈≈≈≈≈.≈♣ ♣♣...
≈≈≈≈≈≈≈≈≈..≈♣ ..≈≈≈.≈
≈≈≈≈≈≈≈≈≈.≈♣♣ ..♣.≈≈.
≈≈≈≈≈≈≈≈≈≈♣≈≈♣ P.≈♣≈..
..≈≈≈≈≈≈≈.♣...♣♣♣P..w...
.≈≈≈≈..≈....≈≈≈♣PP.≈≈...
.≈≈≈.......≈≈....P≈≈.≈.?
.≈≈....♣♣≈...^.≈PPf≈.≈♣
♣.≈.♣♣♣♣♣♣≈♣♣♣≈≈@P...♣♣
♣..≈♣ ♣♣♣.≈≈PP..♣♣
..♣≈≈.♣ ♣♣≈.♣≈≈♣♣♣♣.≈♣
.♣♣♣♣♣♣ ♣≈≈♣♣♣♣♣ ..≈ ♣♣
♣♣♣ ♣≈♣♣...♣♣ ≈≈ ♣♣♣♣.♣
♣♣♣..≈≈.≈♣
.♣≈..♣♣♣♣..≈≈≈≈≈≈♣
≈..≈≈≈..≈≈...≈≈.♣♣
≈≈≈≈≈≈≈≈≈≈.♣≈(..♣♣


You could see a thorn hunter and a swamp worm.

Vanquished Creatures
  Rupert (D:14)
  A thorn hunter (Swamp:2)
  Frances (D:13)
  An orc warlord (Orc:2)
  A very ugly thing (Swamp:2)
  A stone giant (Orc:2)
  Nessos (D:13)
  Azrael (D:12)
  Josephine (D:11)
  Harold (D:11)
  3 fire dragons
  2 rakshasas (D:15)
  10 hydras
  A catoblepas (Lair:5)
  2 death knights
  12 alligators
  2 centaur warriors
  6 two-headed ogres
  A tengu warrior (D:15)
  Urug (D:13)
  Sonja (Lair:1)
  5 orc high priests
  A glowing orange brain (D:15)
  2 unseen horrors (D:10)
  A wizard (D:15)
  Pikel (D:8)
  5 swamp dragons
  A phantasmal warrior (D:14)
  11 orc knights
  2 lindwurms (Lair:6)
  An orb spider (Lair:2)
  4 orc sorcerers
  13 ugly things
  A cyclops (shapeshifter) (D:15)
  A cyclops (D:12)
  Maurice (D:13)
  14 elephants (Lair:6)
  4 black mambas
  Psyche (D:11)
  5 torpor snails (Lair:6)
  4 rime drakes
  13 spiny frogs
  An efreet (D:14)
  8 komodo dragons
  2 freezing wraiths
  A tengu conjurer (D:15)
  10 trolls
  6 meliai
  15 tyrant leeches
  13 hornets
  11 blink frogs
  10 bog bodies
  20 slime creatures
  7 hippogriffs
  A meliai zombie (D:14)
  13 dream sheep (Lair:6)
  A blink frog (shapeshifter) (D:15)
  A centaur simulacrum (D:14)
  2 wyverns
  14 yaks
  A vampire (D:11)
  4 spriggans (Swamp:2)
  4 shadows
  4 basilisks
  6 fire elementals (D:12)
  20 humans
  6 wraiths
  A fire bat (shapeshifter) (D:15)
  A human (shapeshifter) (D:15)
  3 hungry ghosts
  3 steam dragons (Lair:6)
  12 vampire mosquitoes
  9 swamp worms
  11 insubstantial wisps
  21 wargs
  2 acid dragons
  A hell hound (D:12)
  10 swamp drakes
  11 water moccasins
  13 porcupines
  40 orc warriors
  2 sky beasts
  2 slaves (D:8)
  2 black bears
  9 ice beasts
  3 eyes of draining
  12 ogres
  5 phantoms
  2 necrophages
  10 wolves
  4 centaurs
  14 crocodiles
  2 big kobolds (D:14)
  16 bullfrogs
  2 wyvern skeletons
  13 killer bees
  6 scorpions
  7 wights
  A howler monkey (D:9)
  5 crimson imps
  2 bullfrog zombies
  18 orc wizards
  6 centaur zombies
  7 hounds
  3 jellies (D:12)
  A bullfrog skeleton (D:10)
  33 orc priests
  3 centaur skeletons
  12 iguanas
  12 worker ants
  A hound zombie (D:11)
  A hound skeleton (D:5)
  Robin (D:2)
  A worker ant zombie (D:5)
  8 adders
  3 shadow imps
  6 oozes
  An adder zombie (D:7)
  A worm (D:4)
  A dart slug (D:2)
  5 leopard geckos
  142 orcs
  7 giant cockroaches
  10 goblins
  4 hobgoblins (D:2)
  17 jackals
  3 quokkas
  A ball python (D:1)
  A ball python skeleton (D:4)
  A bat (D:1)
  4 frilled lizards
  A giant cockroach zombie (D:5)
  16 kobolds
  A quokka zombie (D:7)
  3 rats
  6 briar patches
  A bush (Lair:2)
  2 fungi
  6 plants (Lair:6)
930 creatures vanquished.

Vanquished Creatures (others)
  An alligator (Swamp:2)
  A two-headed ogre (D:8)
  A spriggan druid (Swamp:2)
  An unseen horror (D:15)
  A rime drake (Lair:6)
  A yak (Lair:3)
  A water moccasin (Lair:6)
  A crocodile (Lair:3)
  A quasit (D:8)
  15 fungi
  17 plants
41 creatures vanquished.

Grand Total: 971 creatures vanquished

Notes
Turn   | Place    | Note
-------+----------+-------------------------------------------
     0 | Abyss:1  | Rrauwl the Formicid Abyssal Knight began the quest for the
                  | Orb.
     0 | Abyss:1  | Reached XP level 1. HP: 18/18 MP: 2/2
    45 | Abyss:1  | Noticed a tormentor
    46 | D:1      | Escaped the Abyss
    82 | D:1      | Reached skill level 1 in Dodging
   414 | D:1      | Reached XP level 2. HP: 24/24 MP: 3/3
   700 | D:2      | Noticed Robin
  1069 | D:2      | Reached XP level 3. HP: 29/29 MP: 4/4
  1191 | D:2      | Found a faded altar of an unknown god.
  1217 | D:2      | Reached * piety under Lugonu
  1269 | D:2      | Reached skill level 1 in Shields
  1496 | D:2      | Found an ornate altar of the Wu Jian Council.
  1641 | D:2      | Reached XP level 4. HP: 31/37 MP: 6/6
  1661 | D:2      | Killed Robin
  2258 | D:4      | Reached XP level 5. HP: 42/42 MP: 7/7
  2760 | D:4      | Reached ** piety under Lugonu
  2789 | D:4      | Reached skill level 3 in Axes
  2789 | D:4      | Reached skill level 1 in Evocations
  2789 | D:4      | Reached XP level 6. HP: 33/48 MP: 8/8
  3010 | D:4      | Found a sparkling altar of Nemelex Xobeh.
  3010 | D:4      | Found a shattered altar of Ashenzari.
  3010 | D:4      | Found a sacrificial altar of Ru.
  3011 | D:4      | Found a snail-covered altar of Cheibriados.
  3050 | D:4      | Found a staircase to the Ecumenical Temple.
  3057 | Temple   | Entered the Ecumenical Temple
  3251 | D:4      | Found a burning altar of Makhleb.
  3251 | D:4      | Found a shimmering altar of Xom.
  3376 | D:5      | Entered Level 5 of the Dungeon
  3380 | D:5      | Found a hazy altar of Hepliaklqana.
  3722 | D:5      | Found a deep blue altar of Sif Muna.
  3802 | D:5      | Found a shadowy altar of Dithmenos.
  3821 | D:5      | Found a runed gate.
  3822 | D:5      | Noticed feta's ghost (novice TrMo)
  3823 | D:5      | Found a runed gate.
  3823 | D:5      | Found a runed gate.
  4035 | D:5      | Noticed a phantom
  4048 | D:5      | Killed a phantom
  4048 | D:5      | Reached skill level 4 in Axes
  4048 | D:5      | Reached XP level 7. HP: 43/54 MP: 9/9
  4248 | D:5      | Gained mutation: Your body sometimes deteriorates upon
                  | taking damage. [potion of mutation]
  4248 | D:5      | Gained mutation: You are agile. (Dex +2) [potion of
                  | mutation]
  4248 | D:5      | Gained mutation: You are very agile. (Dex +4) [potion of
                  | mutation]
  4248 | D:5      | Gained mutation: You are robust. (+10% HP) [potion of
                  | mutation]
  4403 | D:6      | Found an ornate altar of the Wu Jian Council.
  4421 | D:6      | Found a stormy altar of Qazlal.
  4441 | D:6      | Found a blossoming altar of Fedhas.
  4572 | D:6      | Found a glowing silver altar of Zin.
  4881 | D:7      | Noticed a hungry ghost
  4885 | D:7      | Reached skill level 5 in Shields
  4897 | D:7      | Killed a hungry ghost
  4897 | D:7      | Reached skill level 5 in Axes
  4897 | D:7      | Reached XP level 8. HP: 51/66 MP: 10/10
  4991 | D:7      | Noticed a human
  5013 | D:7      | Killed a human
  5067 | D:7      | Noticed a human
  5087 | D:7      | Killed a human
  5306 | D:7      | Noticed a human
  5376 | D:7      | Killed a human
  5376 | D:7      | Reached skill level 6 in Axes
  5438 | D:7      | Reached XP level 9. HP: 69/71 MP: 12/12
  5736 | D:7      | Reached skill level 7 in Axes
  6000 | D:8      | Reached *** piety under Lugonu
  6012 | D:8      | Noticed Pikel
  6036 | D:8      | Killed Pikel
  6036 | D:8      | Reached skill level 8 in Axes
  6050 | D:8      | Reached XP level 10. HP: 75/78 MP: 13/13
  6195 | D:8      | Noticed a two-headed ogre
  6202 | D:8      | Killed a two-headed ogre
  6202 | D:8      | Reached skill level 9 in Axes
  6218 | D:8      | Reached skill level 10 in Axes
  6304 | D:8      | Found a radiant altar of Vehumet.
  6310 | D:8      | Noticed a two-headed ogre
  6315 | D:8      | Killed a two-headed ogre
  6746 | D:9      | Reached skill level 11 in Axes
  7280 | D:9      | Reached XP level 11. HP: 74/84 MP: 14/14
  7292 | D:9      | Reached skill level 12 in Axes
  7423 | D:9      | Noticed an orc knight
  7785 | D:9      | Killed an orc knight
  8404 | D:9      | Noticed an orc knight
  8417 | D:9      | Killed an orc knight
  8417 | D:9      | Reached skill level 10 in Shields
  8432 | D:9      | Reached **** piety under Lugonu
  8446 | D:9      | Reached skill level 5 in Invocations
  8607 | D:9      | Noticed an orc knight
  8638 | D:9      | Killed an orc knight
  8638 | D:9      | Reached skill level 5 in Fighting
  8638 | D:9      | Reached skill level 5 in Armour
  9033 | D:10     | Entered Level 10 of the Dungeon
  9978 | D:10     | Noticed an unseen horror
  9997 | D:10     | Reached skill level 13 in Axes
  9998 | D:10     | Killed an unseen horror
 10180 | D:11     | Noticed Harold
 10198 | D:10     | Noticed an unseen horror
 10214 | D:10     | Killed an unseen horror
 10303 | D:11     | Reached XP level 12. HP: 89/94 MP: 15/15
 10322 | D:11     | Found a staircase to the Orcish Mines.
 10341 | D:11     | Found a staircase to the Lair.
 10344 | D:11     | Noticed Psyche
 10350 | D:11     | Killed Psyche
 10362 | D:11     | Reached skill level 14 in Axes
 10411 | D:11     | Reached ***** piety under Lugonu
 10418 | D:11     | Killed Harold
 10459 | D:11     | Found a portal to a secret trove of treasure.
 10696 | D:11     | Noticed Josephine
 10707 | D:11     | Killed Josephine
 10724 | D:11     | Reached skill level 15 in Axes
 11090 | D:11     | Found a roughly hewn altar of Beogh.
 11197 | Lair:1   | Entered Level 1 of the Lair of Beasts
 11706 | Lair:1   | Noticed Sonja
 11713 | Lair:1   | Killed Sonja
 12390 | Lair:2   | Noticed a six-headed hydra
 12410 | Lair:2   | Killed a six-headed hydra
 12550 | Lair:2   | Found a staircase to the Swamp.
 12572 | Lair:2   | Reached skill level 16 in Axes
 12607 | Lair:2   | Reached XP level 13. HP: 85/100 MP: 16/16
 12807 | Lair:2   | Noticed a six-headed hydra
 12829 | Lair:2   | Killed a six-headed hydra
 12994 | Lair:2   | Lost mutation: Your body sometimes deteriorates upon taking
                  | damage. [potion of mutation]
 12994 | Lair:2   | Lost mutation: You are very agile. (Dex +4) [potion of
                  | mutation]
 12994 | Lair:2   | Gained mutation: You have sharp fingernails. [potion of
                  | mutation]
 12994 | Lair:2   | Gained mutation: Scrolls take you a little longer to read.
                  | [potion of mutation]
 12994 | Lair:2   | Gained mutation: You expend magic power (3 MP) to
                  | strengthen your wands. [potion of mutation]
 13123 | Lair:2   | Found a hole to the Spider Nest.
 13426 | Lair:3   | Reached skill level 17 in Axes
 15313 | Lair:4   | Got a steaming flail
 15316 | Lair:4   | Identified the +2 flail of Tenacity {freeze, rPois rC+}
                  | (You found it on level 4 of the Lair of Beasts)
 15370 | Lair:4   | Reached skill level 18 in Axes
 15708 | Lair:5   | Noticed a catoblepas
 15713 | Lair:5   | Killed a catoblepas
 16206 | Lair:5   | Noticed a five-headed hydra
 16234 | Lair:5   | Killed a five-headed hydra
 16234 | Lair:5   | Reached XP level 14. HP: 77/107 MP: 17/17
 16359 | Lair:5   | Reached ****** piety under Lugonu
 16766 | Lair:6   | Entered Level 6 of the Lair of Beasts
 16893 | Lair:6   | Got a fine lapis lazuli ring
 17140 | Lair:6   | Identified the ring "Fuuthine" {rC+ MR+ Int+2} (You found
                  | it on level 6 of the Lair of Beasts)
 17907 | Lair:6   | Reached skill level 19 in Axes
 18483 | Lair:6   | Found a viscous altar of Jiyva.
 18483 | Lair:6   | Found a staircase to the Slime Pits.
 18534 | Lair:6   | Found a runed door.
 19969 | D:12     | Reached XP level 15. HP: 76/115 MP: 19/19
 20181 | D:12     | Found a viscous altar of Jiyva.
 20318 | D:12     | Reached skill level 20 in Axes
 20788 | D:12     | Noticed Azrael
 20811 | D:12     | Killed Azrael
 21295 | D:13     | Noticed Maurice
 21301 | D:13     | Killed Maurice
 21448 | D:13     | Got a bronze plate armour
 21479 | D:13     | Identified the cursed +0 plate armour of Hefybin {rN+
                  | Regen+ SInv} (You found it on level 13 of the Dungeon)
 21523 | D:13     | Noticed Nessos
 21539 | D:13     | Killed Nessos
 21539 | D:13     | Reached skill level 5 in Evocations
 21923 | D:13     | Noticed Urug
 21930 | D:13     | Killed Urug
 21930 | D:13     | Reached skill level 5 in Dodging
 22064 | D:13     | Noticed Frances
 22079 | D:13     | Killed Frances
 22238 | D:14     | Found a gate to the Vaults.
 22238 | D:14     | Noticed Rupert
 22532 | D:14     | Killed Rupert
 22710 | D:14     | Reached XP level 16. HP: 112/129 MP: 22/22
 22734 | D:14     | Found a bloodstained altar of Trog.
 22891 | D:14     | Identified a scroll of acquirement
 23048 | D:15     | Entered Level 15 of the Dungeon
 23166 | D:15     | Found a shadowy altar of Dithmenos.
 23554 | D:15     | Found Cavvufal's Magic Scroll Shoppe.
 23562 | D:15     | Bought a scroll of fog for 32 gold pieces
 23935 | D:15     | Found a staircase to the Depths.
 24105 | Orc:1    | Entered Level 1 of the Orcish Mines
 24349 | Orc:2    | Entered Level 2 of the Orcish Mines
 24522 | Orc:2    | Found a roughly hewn altar of Beogh.
 24549 | Orc:2    | Reached skill level 10 in Invocations
 24612 | Orc:2    | Found Buihupt's Assorted Antiques.
 24623 | Orc:2    | Found Hann's Antique Armour Shop.
 24666 | Orc:2    | Bought a runed cloak for 180 gold pieces
 25165 | Orc:2    | Found a staircase to the Elven Halls.
 25239 | Orc:2    | Reached skill level 10 in Armour
 25346 | Orc:2    | Reached skill level 10 in Fighting
 25422 | Orc:2    | Found a roughly hewn altar of Beogh.
 25447 | Orc:2    | Found Cuxikh's General Store.
 25567 | Orc:2    | Found Hotya's Magic Scroll Emporium.
 25597 | Orc:2    | Bought a scroll of enchant weapon for 97 gold pieces
 25597 | Orc:2    | Bought a scroll of enchant weapon for 97 gold pieces
 25597 | Orc:2    | Bought a scroll of enchant weapon for 97 gold pieces
 25597 | Orc:2    | Bought a scroll of enchant weapon for 97 gold pieces
 25949 | Orc:1    | Found a roughly hewn altar of Beogh.
 26331 | Swamp:1  | Entered Level 1 of the Swamp
 26447 | Swamp:1  | Reached XP level 17. HP: 127/140 MP: 24/24
 26695 | Swamp:1  | You fall through a shaft!
 27183 | Swamp:2  | Found a transporter.
 27231 | Swamp:2  | Noticed a thorn hunter
 27248 | Swamp:2  | Killed a thorn hunter
 27393 | Swamp:2  | Reached skill level 15 in Shields
 27446 | Swamp:2  | Reached skill level 1 in Crossbows
 27529 | Swamp:2  | Found a transporter.
 28277 | Swamp:2  | Got a bound lead ring
 28279 | Swamp:2  | Identified the ring "Nuin" {rElec rF+ MR- Str+3} (You found
                  | it on level 2 of the Swamp)
 28291 | Swamp:2  | Got a sparkling wooden ring
 28293 | Swamp:2  | Identified the ring "Kahueceu" {rPois rN+ SInv} (You found
                  | it on level 2 of the Swamp)
 28301 | Swamp:2  | Got a brightly glowing scale mail
 28314 | Swamp:2  | Identified the +1 scale mail "Qecroph" {*Contam Int+6
                  | Dex+2} (You found it on level 2 of the Swamp)
 28440 | Lair:1   | Gained mutation: You are partially covered in yellow
                  | scales. (AC +2) [mutagenic glow]
 28590 | Swamp:3  | Reached skill level 5 in Crossbows
 29345 | Swamp:3  | Noticed a thorn hunter
 29354 | Swamp:3  | Killed from afar by a thorn hunter

Vault maps used:
D:1:      nicolae_arrival_memento_mori
D:2:      overflow_temple_1_default, chequers_ecumenical_altar_grove,
          feat_on_display, uniq_robin
D:4:      grunt_temple_overflow_champion_of_chaos,
          chequers_temple_overflow_statue_of_worship,
          minmay_temple_entry_crystal_x
D:5:      lemuel_crystal_altar, kennysheep_mini_moat, basic_altar, first_ration,
          gammafunk_ghost_nasty_kobolds
D:6:      grunt_temple_overflow_forces_of_nature, zin_academy, basic_altar,
          minmay_misc_feat_tiny
D:7:      minmay_ruffians
D:8:      nicolae_overflow_crystal_walls, uniq_pikel
D:9:      lemuel_castle_with_subvaults
D:11:     lair_entry_dummy, minmay_orc_entry_temple_small,
          nicolae_trove_entry_crossroad, uniq_harold, uniq_josephine,
          uniq_psyche
D:12:     hangedman_little_slice_of_home, kennysheep_decorative_pillar,
          hangedman_abyss_or_decor_passed, uniq_azrael
D:13:     eino_jars, uniq_nessos, uniq_frances, uniq_maurice, uniq_urug
D:14:     david_vaults_3, basic_altar
D:15:     gammafunk_enter_depths_forms, serial_shops, shop_scrolls,
          grunt_decor_arrowhead, nicolae_dithmenos_the_darkroom
Temple:   nicolae_temple_figure_zero
Lair:1:   uniq_sonja
Lair:2:   minmay_swamp_entry_reptiles, nicolae_spider_entry_orb_guardian,
          grunt_megastairs_4, infiniplex_staircase_pool_2, lemuel_fruit_tree
Lair:3:   beast_lair_carwin_7
Lair:5:   serial_bayou_shore_b, grunt_megastairs_2
Lair:6:   wormcave, guppyfry_lair_end_dragon, dpeg_slime_entry_enclosed_altar,
          serial_bayou_pond_a, lemuel_old_faithful
Swamp:1:  evilmike_swamp_ruin_rubble_2, swamp_pool3
Swamp:2:  gammafunk_its_a_trap, evilmike_swamp_ruin_house_5
Swamp:3:  infiniplex_staircase_pool
Orc:1:    basic_altar
Orc:2:    pubby_orc_utopia, serial_shops

Skill      XL: |  1  2  3  4  5  6  7  8  9 10 11 12 13 14 15 16 17 |
---------------+----------------------------------------------------+-----
Dodging        | 1 2 3 4 5 |  5.0
Shields        | 1 2 4 5 7 9 10 13 15 | 15.0
Invocations    | 3 4 5 6 8 10 | 10.0
Fighting       | 4 5 6 8 10 | 10.0
Armour         | 3 4 5 6 8 10 | 10.0
Axes           | 3 4 5 6 8 11 13 16 18 19 20 | 20.0
Evocations     | 1 2 3 4 5 |  5.0
Crossbows      | 6 |  6.7

Action                   |  1- 3 |  4- 6 |  7- 9 | 10-12 | 13-15 | 16-18 || total
-------------------------+-------+-------+-------+-------+-------+-------++-------
Melee: Hand axe          |    90 |    40 |       |    39 |       |       ||   169
       Whip              |       |   143 |   206 |   191 |     9 |       ||   549
       Unarmed           |       |       |     6 |       |       |       ||     6
       Battleaxe         |       |       |       |   609 |  1191 |   919 ||  2719
       Flail             |       |       |       |       |    40 |       ||    40
 Fire: Arbalest          |       |       |       |       |       |    12 ||    12
Throw: Throwing net      |       |       |       |     1 |       |       ||     1
Invok: Depart the Abyss  |     1 |       |       |       |       |       ||     1
       Bend Space        |       |       |       |     2 |       |       ||     2
 Abil: Dig               |       |       |     4 |     9 |    25 |     6 ||    44
Evoke: Wand              |       |     6 |     3 |    33 |    15 |     2 ||    59
  Use: Potion            |     5 |     3 |     1 |    11 |     8 |     4 ||    32
       Scroll            |       |    11 |     3 |     4 |    12 |    13 ||    43
 Stab: Confused          |       |       |     2 |       |       |       ||     2
       Paralysed         |       |       |       |     2 |       |       ||     2
       Held in net/web   |       |       |       |     1 |     1 |       ||     2
       Invisible         |       |       |       |       |     7 |       ||     7
  Eat: Chunk             |     2 |     8 |     8 |     9 |    25 |     8 ||    60
       Ration            |       |       |     1 |     4 |     3 |     5 ||    13
Armor: Leather armour    |    13 |     6 |       |       |       |       ||    19
       Ring mail         |       |    20 |    12 |       |       |       ||    32
       Chain mail        |       |       |    29 |    96 |   259 |    24 ||   408
       Skin              |       |       |     7 |       |       |       ||     7
       Plate armour      |       |       |       |   137 |    58 |   115 ||   310
Dodge: Dodged            |    77 |    65 |    52 |   246 |   285 |   147 ||   872
Block: Buckler           |    12 |     7 |       |       |       |       ||    19
       Shield            |       |    53 |    83 |   435 |   541 |     5 ||  1117
       Large shield      |       |       |       |       |       |   533 ||   533
       Reflection        |       |       |       |       |       |     2 ||     2

Table legend:
 A = Non-vault XP
 B = Vault XP
 C = Vault XP percentage of total XP
 D = Non-vault monster count
 E = Vault monster count
 F = Vault count percentage of total count
                 A         B        C        D         E       F
            +---------+---------+-------+---------+---------+-------
      Total |  121985 |   69299 |  36.2 |     583 |     334 |  36.4
            +---------+---------+-------+---------+---------+-------
        D:1 |      26 |       2 |   7.1 |      10 |       1 |   9.1
        D:2 |      25 |      36 |  59.0 |      11 |      11 |  50.0
        D:3 |      18 |       0 |   0.0 |       4 |       0 |   0.0
        D:4 |     211 |      50 |  19.2 |      21 |       1 |   4.5
        D:5 |     313 |       0 |   0.0 |      12 |       0 |   0.0
        D:6 |      11 |       0 |   0.0 |       5 |       0 |   0.0
        D:7 |     947 |     788 |  45.4 |      20 |       4 |  16.7
        D:8 |    2771 |     685 |  19.8 |      27 |       1 |   3.6
        D:9 |     566 |    5256 |  90.3 |      11 |      50 |  82.0
       D:10 |    3478 |       0 |   0.0 |      36 |       0 |   0.0
       D:11 |    4491 |    3733 |  45.4 |      34 |      17 |  33.3
       D:12 |    6451 |    3025 |  31.9 |      29 |      17 |  37.0
       D:13 |    5444 |    5954 |  52.2 |      25 |      11 |  30.6
       D:14 |    8925 |    8545 |  48.9 |      42 |      20 |  32.3
       D:15 |   10987 |    4264 |  28.0 |      29 |      10 |  25.6
     Lair:1 |    1526 |     814 |  34.8 |       8 |       1 |  11.1
     Lair:2 |    4799 |    2427 |  33.6 |      19 |       7 |  26.9
     Lair:3 |    5570 |     995 |  15.2 |      25 |       6 |  19.4
     Lair:4 |    4253 |     145 |   3.3 |      17 |       1 |   5.6
     Lair:5 |    4449 |     103 |   2.3 |      16 |       1 |   5.9
     Lair:6 |   12102 |   11555 |  48.8 |      35 |      33 |  48.5
    Swamp:1 |    8411 |       0 |   0.0 |      24 |       0 |   0.0
    Swamp:2 |   19982 |    2123 |   9.6 |      53 |       6 |  10.2
    Swamp:3 |   10509 |       0 |   0.0 |      27 |       0 |   0.0
      Orc:1 |    5720 |       0 |   0.0 |      43 |       0 |   0.0
      Orc:2 |       0 |   18799 | 100.0 |       0 |     136 | 100.0
            +---------+---------+-------+---------+---------+-------
